 Dungeon Crawl Stone Soup version 0.19.5 (webtiles) character file.

96 Hybris the Sneak (level 4, -3/22 HPs)
             Began as a Spriggan Assassin on Mar 21, 2017.
             Killed by nerve-wracking pain
             ... invoked by Grinder
              (6 damage)
             ... on level 2 of the Dungeon.
             The game lasted 00:11:56 (3516 turns).

Hybris the Sneak (Spriggan Assassin)                Turns: 3516, Time: 00:11:57

Health: -3/22      AC:  3    Str:  7    XL:     4   Next: 41%
Magic:  5/5        EV: 19    Int: 12    God:
Gold:   60         SH:  0    Dex: 18    Spells: 0 memorised, 3 levels left

rFire  . . .     SeeInvis +     a - +2 dagger
rCold  . . .     Gourm    .     c - +0 robe
rNeg   . . .     Faith    .     (shield restricted)
rPois  .         Spirit   .     (helmet restricted)
rElec  .         Reflect  .     d - +0 cloak
rCorr  .         Harm     .     (gloves unavailable)
MR     .....                    (boots unavailable)
Stlth  +++.......               (no amulet)
                                (no ring)
                                (no ring)

@: very quick
A: unfitting armour, see invisible, herbivore 3, speed 3, slow metabolism 2
a: no special abilities


You were on level 2 of the Dungeon.
You were not hungry.

You visited 1 branch of the dungeon, and saw 3 of its levels.

You collected 60 gold pieces.

Inventory:

Hand Weapons
 a - a +2 dagger (weapon)
 b - a +0 blowgun
Missiles
 e - 2 poisoned needles
 f - 2 curare-tipped needles
Armour
 c - a +0 robe (worn)
 d - a +0 cloak (worn)
Scrolls
 h - a scroll of enchant weapon {unknown}
 i - 3 scrolls of identify
 j - a scroll of amnesia {unknown}
 k - a scroll of random uselessness {unknown}
 l - a scroll of enchant armour {unknown}
 o - 2 scrolls of teleportation {unknown}
Potions
 p - a potion of heal wounds {unknown}
Comestibles
 g - 2 bread rations
 m - a slice of pizza


   Skills:
 - Level 1.5 Fighting
 * Level 4.2 Short Blades
 - Level 2.0 Throwing
 + Level 3.8 Dodging
 + Level 6.0 Stealth


You had 3 spell levels left.
You didn't know any spells.

Dungeon Overview and Level Annotations

Branches:
Dungeon (3/15)

Altars:
The Shining One

Annotations:
D:2 Grinder


Innate Abilities, Weirdness & Mutations

You are very small and have problems with some larger weapons.
You are too small for most types of armour.
You have supernaturally acute eyesight. (SInv)
You are a herbivore.
You cover ground extremely quickly.
You need consume almost no food.


Message History

You can't go down here!
Grinder gestures at you. You resist with some effort.
You climb upwards.
There is a stone staircase leading down here.
You closely miss Grinder.
Grinder is lightly wounded.
Grinder hits you.
* * * LOW HITPOINT WARNING * * *
You writhe in agony.
* * * LOW HITPOINT WARNING * * *
You feel better.
Grinder says, "You look like you could use a good racking."
Grinder hits you!
* * * LOW HITPOINT WARNING * * *
You hit Grinder.
Grinder is lightly wounded.
Grinder gestures at you. Pain shoots through your body!
You die...

.(#.# #.#....# #.#........ ..#.#
#.#....#####.#...(.... ..#.#
#.#..........'........
..#.########.##..######.#........
.........................#..#....
....########.###.#########..#....
.............# #.#########..#....
################5##.....##..#....
................@##.....##..#....
###################.....##..#....
.........####...<##.....##.......
....###....##....##...).##'######
###.# #..†.#####.##.......<......
..#.# #....# #.##..............
#.#.###....# #..............)..
#.#<.......# ########..........
#.#.###.(..# #..........


You could see Grinder.

Vanquished Creatures
  3 adders (D:2)
  3 worms
  2 dart slugs (D:2)
  2 giant cockroaches
  7 goblins
  3 hobgoblins
  8 jackals (D:1)
  6 kobolds
  2 ball pythons
  8 bats
  7 frilled lizards
  6 rats
57 creatures vanquished.

Notes
Turn   | Place    | Note
-------+----------+-------------------------------------------
     0 | D:1      | Hybris the Spriggan Assassin began the quest for the Orb.
     0 | D:1      | Reached XP level 1. HP: 10/10 MP: 2/2
   401 | D:1      | Reached XP level 2. HP: 14/14 MP: 3/3
   443 | D:1      | Found a glowing golden altar of the Shining One.
  1246 | D:1      | Reached XP level 3. HP: 7/18 MP: 4/4
  2051 | D:2      | Reached skill level 6 in Stealth
  2237 | D:2      | Reached XP level 4. HP: 22/22 MP: 5/5
  3082 | D:3      | Noticed Grinder
  3091 | D:3      | HP: 1/22 [Grinder (6)]
  3516 | D:2      | Killed from afar by Grinder

Skill      XL: |  1  2  3 |
---------------+----------+-----
Dodging        | 2 3 |  3.8
Short Blades   | 3 4 |  4.2
Stealth        | 6 |  6.0
Fighting       | |  1.5
Throwing       | |  2.0

Action                   |  1- 3 |  4- 6 || total
-------------------------+-------+-------++-------
Melee: Dagger            |   131 |    56 ||   187
 Fire: Blowgun           |    27 |    13 ||    40
  Use: Scroll            |       |     1 ||     1
       Potion            |       |     1 ||     1
 Stab: Sleeping          |     5 |     3 ||     8
       Distracted        |     1 |       ||     1
Armor: Robe              |    10 |     3 ||    13
Dodge: Dodged            |    74 |    38 ||   112
